 Dungeon Crawl Stone Soup version 0.24.0-1-gfbc8707122 (webtiles) character file.

Game seed: 17590367849423892237, levelgen mode: deterministic

25 HouseofHex the Bolt Thrower (level 2, -6/15 HPs)
             Began as a Spriggan Hunter on Oct 28, 2019.
             Killed by nerve-wracking pain
             ... invoked by Jessica
              (7 damage)
             ... on level 2 of the Dungeon.
             The game lasted 00:01:52 (895 turns).

HouseofHex the Bolt Thrower (Spriggan Hunter)        Turns: 895, Time: 00:01:53

Health: -6/15      AC:  2    Str:  8    XL:     2   Next: 82%
Magic:  3/3        EV: 18    Int: 12    God:
Gold:   50         SH:  0    Dex: 16    Spells: 1/1 levels left

rFire    . . .     SeeInvis +   a - +1 hand crossbow
rCold    . . .     Gourm    .   (shield restricted)
rNeg     . . .     Faith    .   c - +0 robe
rPois    .         Spirit   .   (helmet restricted)
rElec    .         Reflect  .   (no cloak)
rCorr    .         Harm     .   (gloves unavailable)
MR       .....                  (boots unavailable)
Stlth    +.........             (no amulet)
HPRegen  0.05/turn              (no ring)
MPRegen  0.08/turn              (no ring)

@: confused, very quick
A: very small, unfitting armour, see invisible, herbivore, speed 3, slow
metabolism 2
a: no special abilities


You were on level 2 of the Dungeon.
You were not hungry.

You visited 1 branch of the dungeon, and saw 2 of its levels.

You collected 50 gold pieces.

Inventory:

Hand Weapons
 a - a +1 hand crossbow (weapon)
 b - a +0 short sword
 k - a +0 hunting sling
Missiles
 d - 24 bolts (quivered)
Armour
 c - a +0 robe (worn)
Scrolls
 g - 2 scrolls of magic mapping {unknown}
 h - a scroll of random uselessness {unknown}
 i - a scroll of fog {unknown}
 j - a scroll of enchant weapon {unknown}
 l - a scroll of identify {unknown}
Potions
 e - a potion of heal wounds {unknown}
 m - a potion of berserk rage {unknown}
Comestibles
 f - 2 rations


   Skills:
 + Level 1.7 Fighting
 + Level 4.8 Crossbows
 + Level 3.0 Dodging
 + Level 1.5 Stealth


You had one spell level left.
You didn't know any spells.
Your spell library was empty.

Dungeon Overview and Level Annotations

Branches:
Dungeon (2/15)

Altars:

Annotations:
D:2 Jessica, Sigmund


Innate Abilities, Weirdness & Mutations

You are very small and have problems with some larger weapons.
You are too small for most types of armour.
You have supernaturally acute eyesight. (SInv)
You are a herbivore.
You cover ground extremely quickly.
You need to consume almost no food.


Message History

You hear a shout!
An adder comes into view.
Sigmund gestures at you while chanting.
You are confused.
Jessica the Apprentice Sorceress comes into view.
She is carrying a wand of random effects (20).
Jessica shouts!
Sigmund mumbles some strange words.
Sigmund flickers and vanishes for a moment.
Found an escape hatch in the floor.
You are too confused!
You bump into the rock wall.
Jessica closely misses you. Jessica barely misses you.
Sigmund completely misses you.
You bump into the rock wall.
Jessica casts a spell at you. Pain shoots through your body!
Ouch! That really hurt!
* * * LOW HITPOINT WARNING * * *
Jessica gestures at you while chanting. Pain shoots through your body!
You die...

#...............
#......<.......!
#......#.#......
#...........#.#
......#..####.#
...####.......#
.. ##.##########
# #<.# .......
#@.##.......
##..#.......
#..#......>
#.S@.(.....
#..!.......
##.........
#.........
##..###### #..#


You could see an adder and Jessica.

Vanquished Creatures
  A dart slug (D:1)
  A giant cockroach (D:1)
  4 goblins (D:1)
  5 hobgoblins (D:1)
  4 jackals (D:1)
  A frilled lizard (D:1)
  A kobold (D:1)
  3 rats (D:1)
20 creatures vanquished.

Notes
Turn   | Place    | Note
-------+----------+-------------------------------------------
     0 | D:1      | HouseofHex the Spriggan Hunter began the quest for the Orb.
     0 | D:1      | Reached XP level 1. HP: 10/10 MP: 2/2
   222 | D:1      | Reached XP level 2. HP: 13/14 MP: 3/3
   886 | D:2      | Noticed Sigmund
   888 | D:2      | Noticed Jessica
   895 | D:2      | Killed from afar by Jessica

Levels and vault maps discovered:
D:1:      sevenhm_arrival_forest_fort_small_5, layout_loops_ring
D:2:      kennysheep_six_static_rooms, layout_basic, old_standard_altar,
          uniq_natasha, uniq_jessica, uniq_sigmund

Action                   || total
-------------------------++-------
 Fire: Hand crossbow     ||    43
Armor: Robe              ||     1
Dodge: Dodged            ||    12
